AoeStats
← CNZS_98T

Arabia

510087094Analyzed
1v1 RM · 2d ago on Sep 29, 2026· 42m 42s· 2 players
Game mode
Random Map
Map size
Tiny (2 player)
Population
200
Speed
Normal
Resources
Standard
Victory
Conquest
Starting age
Dark Age
Ending age
Imperial Age
RankedLock teamsTeams togetherTeam positionsShared explorationLock speedFull tech treeHidden civsTurbo modeCheats
Victory
Defeat
🇻🇳 Tupi · Vietnam
2485
+22
🇳🇱 Varangians · Netherlands
2629
-22
Hoanginator
8:51 Loom
11:21 Feudal Age
11:36 Champi Runner
16:08 Castle Age
15:37 Scale Mail Armor
16:15 Champi Warrior
16:56 Squires
19:40 Arson
26:37 Chain Mail Armor
33:59 Forging
40:47 Iron Casting
CNZS_98T
6:25 Loom
8:51 Feudal Age
9:29 Double-Bit Axe
13:18 Bloodlines
15:15 Fletching
18:29 Forging
19:54 Scale Barding Armor
20:50 Wheelbarrow
Connection lost

Rejoining the realm…

Still unreachable

The connection could not be restored.

Session expired

The server has moved on; the page needs a fresh start.